Dynamic Boxscore Link
Red Tails
18-17
4
FINAL
5
Port City
Privateers
26-21
Summary
Boxscore
Lineups
Recap

1st Period

1-0 TRTScore
3:47Time
5v5Type
2-0 TRTScore
6:54Time
5v5Type
Gal Roblek 15
2-1 TRTScore
13:56Time
5v5Type
2-2 TiedScore
18:07Time
5v5Type

2nd Period

3-2 TRTScore
9:14Time
5v5Type

3rd Period

3-3 TiedScore
7:29Time
5v5Type
4-3 TRTScore
9:43Time
5v5Type
4-4 TiedScore
12:49Time
5v5Type
5-4 PRIScore
17:56Time
5v5Type

Penalties

1st Period
Dolf Imseng (TRT) for Holding (Minor) at 19:44
3rd Period
Coltyn Bergevin (TRT) for Cross-checking (Minor) at 1:24
TRT
PRI

Red Tails

# Player Pos G A PTS +/- S PIM TOI SB Hits GA TA
26 Blaize Bremer LW 2 0 2 2 6 0 16:47 0 0 1 0
29 Tom Folke C 1 1 2 -1 8 0 18:51 0 0 1 2
58 Coltyn Bergevin D 0 2 2 2 2 2 24:08 1 0 0 0
15 Ashton Thomson C 0 2 2 2 3 0 14:23 0 0 0 1
37 Cole Mcure LW 1 1 2 -1 2 0 18:26 0 2 0 0
67 Leimo Ali RW 0 1 1 2 1 0 15:37 1 1 1 0
80 Waldemar Janne RW 0 1 1 -1 1 0 17:12 1 4 1 0
60 Bill Brelih LW 0 0 0 -1 1 0 14:09 1 0 1 0
81 Svyatoslav Mylnikov D 0 0 0 -1 3 0 16:13 1 1 0 0
25 Harry Clerk C 0 0 0 -1 5 0 16:00 0 2 0 1
9 Aki-Ville Lallo LW 0 0 0 -1 1 0 10:38 0 1 0 1
73 Dolf Imseng D 0 0 0 -2 3 2 21:11 2 0 4 0
23 Jordan Murphy RW 0 0 0 -1 2 0 14:01 0 0 1 1
6 Vyacheslav Oleshko D 0 0 0 -1 1 0 15:22 1 2 0 0
42 Joel Mcgauley RW 0 0 0 -1 3 0 08:10 1 0 0 0
5 Clifford Nickles C 0 0 0 -1 1 0 10:46 1 1 0 0
4 Kobe Babych D 0 0 0 -2 0 0 20:00 3 0 0 0
2 Lukas Weller D 0 0 0 2 2 0 24:06 1 0 1 0
# Goalie GA SA SV SV% TOI
1 J.T. Macleish 0 0 0 0.000 0:00
31 Olaf Patalong 5 35 30 0.857 59:06
TRT
PRI

Red Tails

Red Tails

5 vs 5 Forward
Line #Left WingCenterRight WingPHYDFOFWanted %Time %Time Play
1Cole McureTom FolkeWaldemar Janne0143333%17:52
2Blaize BremerAshton ThomsonLeimo Ali1132827%14:45
3Bill BrelihHarry ClerkJordan Murphy1222526%14:01
4Aki-Ville LalloClifford NicklesJoel Mcgauley1221415%8:10
5 vs 5 Defense
Line #DefenseDefensePHYDFOFWanted %Time %Time Play
1Lukas WellerColtyn Bergevin1224041%22:22
2Dolf ImsengKobe Babych1223031%16:58
3Svyatoslav MylnikovVyacheslav Oleshko2212525%13:44
4Dolf ImsengLukas Weller22153%1:44
Power Play Forward
Line #Left WingCenterRight WingPHYDFOFWanted %Time %Time Play
1Cole McureTom FolkeWaldemar Janne014600%0:00
2Blaize BremerAshton ThomsonLeimo Ali014400%0:00
Power Play Defense
Line #DefenseDefensePHYDFOFWanted %Time %Time Play
1Dolf ImsengColtyn Bergevin014600%0:00
2Kobe BabychLukas Weller014400%0:00
Penalty Kill 4 Players Forward
Line #CenterWingPHYDFOFWanted %Time %Time Play
1Clifford NicklesAki-Ville Lallo1315049%1:56
2Harry ClerkBlaize Bremer1315051%2:02
Penalty Kill 4 Players Defense
Line #DefenseDefensePHYDFOFWanted %Time %Time Play
1Svyatoslav MylnikovVyacheslav Oleshko2305041%1:38
2Kobe BabychColtyn Bergevin2305059%2:20
Penalty Kill 3 Players
Line #WingPHYDFOFWanted %Time %Time PlayDefenseDefensePHYDFOFWanted %Time %Time Play
1Clifford Nickles140500%0:00 Svyatoslav MylnikovLukas Weller140500%0:00
2Aki-Ville Lallo140500%0:00 Vyacheslav OleshkoColtyn Bergevin140500%0:00
4 vs 4 Forward
Line #CenterWingPHYDFOFWanted %Time %Time Play
1Tom FolkeLeimo Ali122500%0:00
2Harry ClerkCole Mcure122500%0:00
4 vs 4 Defense
Line #DefensePHYDFOFWanted %Time %Time Play
1Svyatoslav MylnikovColtyn Bergevin122500%0:00
2Vyacheslav OleshkoKobe Babych122500%0:00
Last Minutes Offensive
Left WingCenterRight WingDefenseDefense
Cole McureTom FolkeLeimo AliDolf ImsengLukas Weller
Last Minutes Defensive
Left WingCenterRight WingDefenseDefense
Blaize BremerClifford NicklesJordan MurphySvyatoslav MylnikovVyacheslav Oleshko
Time
Total ForwardTotal DefenseLast Minutes OffensiveLast Minutes Defensive
60:00 60:00 1:140:00
Extra Forwards
Normal PowerPlayPenalty Kill
Cole Mcure, Ashton Thomson, Blaize BremerTom Folke, Leimo AliAki-Ville Lallo
Extra Defensemen
Normal PowerPlayPenalty Kill
Lukas Weller, Coltyn Bergevin, Kobe BabychDolf Imseng, Svyatoslav MylnikovVyacheslav Oleshko
Penalty Shots
Tom Folke, Dolf Imseng, Ashton Thomson, Blaize Bremer, Leimo Ali
Goalie
Olaf Patalong, J.T. Macleish
Custom OT Lines Forwards
Tom Folke, Cole Mcure, Ashton Thomson, Leimo Ali, Bill Brelih, Jordan Murphy, Blaize Bremer, Clifford Nickles, Harry Clerk, Aki-Ville Lallo
Custom OT Lines Defensemen
Dolf Imseng, Lukas Weller, Kobe Babych, Coltyn Bergevin, Svyatoslav Mylnikov
Scratches
Cruz Dupont (Right Hip Injury)
1st Period

0:01 of 1st period - Chris Neurauter wins face-off versus Tom Folke in neutral zone.
0:26 of 1st period - Leimo Ali is hit by Nathanael Miller and loses puck.
0:49 of 1st period - Slapshot by Ola Karlsrud.
0:49 of 1st period - Stopped by Olaf Patalong without a rebound.
0:50 of 1st period - Harry Clerk wins face-off versus Ola Karlsrud in Red Tails zone.
0:59 of 1st period - Slapshot by Dolf Imseng.
0:59 of 1st period - Stopped by Jean-Daniel Dhaliwal without a rebound.
1:00 of 1st period - Kaiden Sabey wins face-off versus Clifford Nickles in Privateers zone.
1:40 of 1st period - Wrist shot by Tom Folke.
1:40 of 1st period - Shot Misses the Net.
1:42 of 1st period - Slapshot by Tom Folke.
1:42 of 1st period - Shot Misses the Net.
3:20 of 1st period - Icing by Penna Ruhkala.
3:21 of 1st period - Chris Neurauter wins face-off versus Ashton Thomson in Privateers zone.
3:23 of 1st period - Icing by Tomas Rydval.
3:24 of 1st period - Ashton Thomson wins face-off versus Chris Neurauter in Privateers zone.
3:33 of 1st period - Slapshot by Blaize Bremer.
3:33 of 1st period - Stopped by Jean-Daniel Dhaliwal without a rebound.
3:34 of 1st period - Tom Folke wins face-off versus Quinton Parsons in Privateers zone.
3:47 of 1st period - Slapshot by Tom Folke.
3:47 of 1st period - Goal by Tom Folke - Red Tails : 1 - Privateers : 0.
3:48 of 1st period - Quinton Parsons wins face-off versus Ashton Thomson in neutral zone.
3:57 of 1st period - Wrist shot by Ashton Thomson.
3:57 of 1st period - Stopped by Jean-Daniel Dhaliwal with a rebound.
4:15 of 1st period - Gal Roblek is hit by Vyacheslav Oleshko and loses puck.
5:00 of 1st period - Kaiden Sabey is hit by Aki-Ville Lallo.
5:22 of 1st period - Slapshot by Kerby Daviault.
5:22 of 1st period - Deflect By Quinton Parsons.
5:22 of 1st period - Shot Misses the Net.
5:22 of 1st period - Puck is out of play.
5:23 of 1st period - Tom Folke wins face-off versus Quinton Parsons in Red Tails zone.
5:59 of 1st period - Snap shot by Woodrow Convrey.
5:59 of 1st period - Shot Misses the Net.
6:26 of 1st period - Blaize Bremer is hit by Tomas Rydval.
6:30 of 1st period - Ashton Thomson is hit by Tomas Rydval and loses puck.
6:54 of 1st period - Wrist shot by Blaize Bremer.
6:54 of 1st period - Goal by Blaize Bremer - Red Tails : 2 - Privateers : 0.
6:55 of 1st period - Ola Karlsrud wins face-off versus Tom Folke in neutral zone.
7:12 of 1st period - Slapshot by Tom Folke.
7:12 of 1st period - Shot Misses the Net.
7:26 of 1st period - Snap shot by Joel Mcgauley.
7:26 of 1st period - Deflect By Aki-Ville Lallo.
7:26 of 1st period - Stopped by Jean-Daniel Dhaliwal without a rebound.
7:27 of 1st period - Quinton Parsons wins face-off versus Clifford Nickles in Privateers zone.
8:17 of 1st period - Snap shot by Herb Edmond.
8:17 of 1st period - Shot Misses the Net.
8:51 of 1st period - Snap shot by Ola Karlsrud.
8:51 of 1st period - Stopped by Olaf Patalong with a rebound.
8:57 of 1st period - Gal Roblek is hit by Clifford Nickles and loses puck.
9:06 of 1st period - Slapshot by Dolf Imseng.
9:06 of 1st period - Stopped by Jean-Daniel Dhaliwal without a rebound.
9:07 of 1st period - Tom Folke wins face-off versus Kerby Daviault in Privateers zone.
9:34 of 1st period - Kobe Babych is hit by Spencer Lafortune and loses puck.
9:54 of 1st period - Icing by Jordan Murphy.
9:55 of 1st period - Harry Clerk wins face-off versus Gal Roblek in Red Tails zone.
10:06 of 1st period - Gal Roblek is hit by Waldemar Janne and loses puck.
11:46 of 1st period - Wrist shot by Blaize Bremer.
11:46 of 1st period - Shot Misses the Net.
11:52 of 1st period - Wrist shot by Blaize Bremer.
11:52 of 1st period - Shot Misses the Net.
11:54 of 1st period - Snap shot by Blaize Bremer.
11:54 of 1st period - Stopped by Jean-Daniel Dhaliwal without a rebound.
11:55 of 1st period - Chris Neurauter wins face-off versus Harry Clerk in Privateers zone.
12:51 of 1st period - Snap shot by Joel Mcgauley.
12:51 of 1st period - Stopped by Jean-Daniel Dhaliwal with a rebound.
12:53 of 1st period - Snap shot by Clifford Nickles.
12:53 of 1st period - Shot Misses the Net.
13:23 of 1st period - Dolf Imseng is hit by Nathanael Miller and loses puck.
13:46 of 1st period - Backhand shot by Dolf Imseng.
13:46 of 1st period - Stopped by Jean-Daniel Dhaliwal without a rebound.
13:47 of 1st period - Ola Karlsrud wins face-off versus Cole Mcure in Privateers zone.
13:56 of 1st period - Snap shot by Ola Karlsrud.
13:56 of 1st period - Goal by Ola Karlsrud - Red Tails : 2 - Privateers : 1.
13:57 of 1st period - Ashton Thomson wins face-off versus Tomas Rydval in neutral zone.
14:01 of 1st period - Icing by Oiva Lyttinen.
14:02 of 1st period - Ashton Thomson wins face-off versus Chris Neurauter in Privateers zone.
14:37 of 1st period - Slapshot by Woodrow Convrey.
14:37 of 1st period - Stopped by Olaf Patalong with a rebound.
14:55 of 1st period - Snap shot by Quinton Parsons.
14:55 of 1st period - Shot Misses the Net.
15:22 of 1st period - Slapshot by Odell Kell.
15:22 of 1st period - Stopped by Olaf Patalong without a rebound.
15:23 of 1st period - Ola Karlsrud wins face-off versus Waldemar Janne in Red Tails zone.
15:24 of 1st period - Wrist shot by Woodrow Convrey.
15:24 of 1st period - Shot Misses the Net.
15:32 of 1st period - Gal Roblek is hit by Cole Mcure and loses puck.
16:30 of 1st period - Spencer Lafortune is hit by Waldemar Janne and loses puck.
16:37 of 1st period - Slapshot by Tom Folke.
16:37 of 1st period - Shot Misses the Net.
17:13 of 1st period - Bill Brelih is hit by Abram Nekhocheninov and loses puck.
17:35 of 1st period - Snap shot by Ashton Thomson.
17:35 of 1st period - Stopped by Jean-Daniel Dhaliwal with a rebound.
18:03 of 1st period - Wrist shot by Ola Karlsrud.
18:03 of 1st period - Shot Misses the Net.
18:05 of 1st period - Snap shot by Woodrow Convrey.
18:05 of 1st period - Shot Blocked by Vyacheslav Oleshko.
18:07 of 1st period - Wrist shot by Woodrow Convrey.
18:07 of 1st period - Goal by Woodrow Convrey - Red Tails : 2 - Privateers : 2.
18:08 of 1st period - Tom Folke wins face-off versus Chris Neurauter in neutral zone.
18:41 of 1st period - Snap shot by Woodrow Convrey.
18:41 of 1st period - Shot Misses the Net.
18:56 of 1st period - Icing by Ed Zandbeek.
18:57 of 1st period - Harry Clerk wins face-off versus Ola Karlsrud in Privateers zone.
19:44 of 1st period - Minor Penalty to Dolf Imseng for Holding.
19:45 of 1st period - Clifford Nickles wins face-off versus Chris Neurauter in Red Tails zone.
Goals for this period are 2 for Red Tails vs 2 for Privateers.
Shots for this period are 11 for Red Tails vs 6 for Privateers.
2nd Period

0:01 of 2nd period - Quinton Parsons wins face-off versus Clifford Nickles in neutral zone.
0:16 of 2nd period - Wrist shot by Quinton Parsons.
0:16 of 2nd period - Shot Blocked by Kobe Babych.
0:40 of 2nd period - Harry Clerk is hit by Tomas Rydval and loses puck.
0:51 of 2nd period - Svyatoslav Mylnikov is hit by Quinton Parsons and loses puck.
1:31 of 2nd period - Ed Zandbeek is hit by Harry Clerk and loses puck.
1:44 of 2nd period - Penalty to Dolf Imseng is over, Dolf Imseng is back on ice.
1:58 of 2nd period - Snap shot by Dolf Imseng.
1:58 of 2nd period - Shot Blocked by Oiva Lyttinen.
2:11 of 2nd period - Slapshot by Dolf Imseng.
2:11 of 2nd period - Shot Misses the Net.
2:13 of 2nd period - Slapshot by Vyacheslav Oleshko.
2:13 of 2nd period - Stopped by Jean-Daniel Dhaliwal with a rebound.
2:15 of 2nd period - Wrist shot by Clifford Nickles.
2:15 of 2nd period - Shot Blocked by Oiva Lyttinen.
2:21 of 2nd period - Snap shot by Dolf Imseng.
2:21 of 2nd period - Shot Misses the Net.
2:23 of 2nd period - Snap shot by Clifford Nickles.
2:23 of 2nd period - Stopped by Jean-Daniel Dhaliwal without a rebound.
2:24 of 2nd period - Tom Folke wins face-off versus Kaiden Sabey in Privateers zone.
2:31 of 2nd period - Wrist shot by Tom Folke.
2:31 of 2nd period - Stopped by Jean-Daniel Dhaliwal with a rebound.
2:33 of 2nd period - Slapshot by Svyatoslav Mylnikov.
2:33 of 2nd period - Stopped by Jean-Daniel Dhaliwal without a rebound.
2:34 of 2nd period - Kaiden Sabey wins face-off versus Tom Folke in Privateers zone.
2:39 of 2nd period - Wrist shot by Herb Edmond.
2:39 of 2nd period - Shot Misses the Net.
2:45 of 2nd period - Wrist shot by Odell Kell.
2:45 of 2nd period - Shot Misses the Net.
3:25 of 2nd period - Slapshot by Svyatoslav Mylnikov.
3:25 of 2nd period - Deflect By Odell Kell.
3:25 of 2nd period - Stopped by Jean-Daniel Dhaliwal with a rebound.
3:27 of 2nd period - Snap shot by Svyatoslav Mylnikov.
3:27 of 2nd period - Deflect By Tom Folke.
3:27 of 2nd period - Stopped by Jean-Daniel Dhaliwal without a rebound.
3:28 of 2nd period - Ashton Thomson wins face-off versus Chris Neurauter in Privateers zone.
4:26 of 2nd period - Wrist shot by Blaize Bremer.
4:26 of 2nd period - Stopped by Jean-Daniel Dhaliwal without a rebound.
4:27 of 2nd period - Chris Neurauter wins face-off versus Harry Clerk in Privateers zone.
4:32 of 2nd period - Wrist shot by Harry Clerk.
4:32 of 2nd period - Stopped by Jean-Daniel Dhaliwal with a rebound.
4:36 of 2nd period - Snap shot by Harry Clerk.
4:36 of 2nd period - Stopped by Jean-Daniel Dhaliwal without a rebound.
4:37 of 2nd period - Harry Clerk wins face-off versus Chris Neurauter in Privateers zone.
4:56 of 2nd period - Wrist shot by Harry Clerk.
4:56 of 2nd period - Stopped by Jean-Daniel Dhaliwal with a rebound.
5:04 of 2nd period - Wrist shot by Jordan Murphy.
5:04 of 2nd period - Shot Blocked by Ed Zandbeek.
5:06 of 2nd period - Wrist shot by Bill Brelih.
5:06 of 2nd period - Deflect By Jordan Murphy.
5:06 of 2nd period - Deflect By Rong Zilei.
5:06 of 2nd period - Shot Blocked by Penna Ruhkala.
5:06 of 2nd period - Puck is out of play.
5:07 of 2nd period - Quinton Parsons wins face-off versus Tom Folke in Privateers zone.
5:07 of 2nd period - Quinton Parsons is hit by Waldemar Janne.
6:16 of 2nd period - Slapshot by Oiva Lyttinen.
6:16 of 2nd period - Shot Misses the Net.
6:18 of 2nd period - Snap shot by Kaiden Sabey.
6:18 of 2nd period - Deflect By Odell Kell.
6:18 of 2nd period - Stopped by Olaf Patalong with a rebound.
6:20 of 2nd period - Snap shot by Odell Kell.
6:20 of 2nd period - Stopped by Olaf Patalong without a rebound.
6:21 of 2nd period - Ashton Thomson wins face-off versus Kaiden Sabey in Red Tails zone.
6:30 of 2nd period - Snap shot by Herb Edmond.
6:30 of 2nd period - Shot Misses the Net.
6:32 of 2nd period - Snap shot by Herb Edmond.
6:32 of 2nd period - Shot Misses the Net.
6:34 of 2nd period - Slapshot by Ed Zandbeek.
6:34 of 2nd period - Stopped by Olaf Patalong with a rebound.
6:48 of 2nd period - Vyacheslav Oleshko is hit by Kerby Daviault.
7:35 of 2nd period - Snap shot by Gal Roblek.
7:35 of 2nd period - Shot Blocked by Clifford Nickles.
7:37 of 2nd period - Slapshot by Penna Ruhkala.
7:37 of 2nd period - Shot Misses the Net.
7:39 of 2nd period - Slapshot by Penna Ruhkala.
7:39 of 2nd period - Shot Blocked by Dolf Imseng.
7:41 of 2nd period - Slapshot by Spencer Lafortune.
7:41 of 2nd period - Stopped by Olaf Patalong with a rebound.
8:36 of 2nd period - Wrist shot by Tomas Rydval.
8:36 of 2nd period - Stopped by Olaf Patalong with a rebound.
8:38 of 2nd period - Slapshot by Penna Ruhkala.
8:38 of 2nd period - Shot Misses the Net.
9:06 of 2nd period - Snap shot by Joel Mcgauley.
9:06 of 2nd period - Stopped by Jean-Daniel Dhaliwal with a rebound.
9:08 of 2nd period - Slapshot by Svyatoslav Mylnikov.
9:08 of 2nd period - Stopped by Jean-Daniel Dhaliwal without a rebound.
9:09 of 2nd period - Ashton Thomson wins face-off versus Quinton Parsons in Privateers zone.
9:12 of 2nd period - Wrist shot by Blaize Bremer.
9:12 of 2nd period - Shot Blocked by Abram Nekhocheninov.
9:14 of 2nd period - Slapshot by Coltyn Bergevin.
9:14 of 2nd period - Deflect By Blaize Bremer.
9:14 of 2nd period - Goal by Blaize Bremer - Red Tails : 3 - Privateers : 2.
9:15 of 2nd period - Quinton Parsons wins face-off versus Harry Clerk in neutral zone.
9:28 of 2nd period - Snap shot by Harry Clerk.
9:28 of 2nd period - Stopped by Jean-Daniel Dhaliwal with a rebound.
10:54 of 2nd period - Snap shot by Kerby Daviault.
10:54 of 2nd period - Shot Blocked by Bill Brelih.
10:56 of 2nd period - Wrist shot by Kerby Daviault.
10:56 of 2nd period - Stopped by Olaf Patalong without a rebound.
10:57 of 2nd period - Ashton Thomson wins face-off versus Rong Zilei in Red Tails zone.
11:12 of 2nd period - Snap shot by Lukas Weller.
11:12 of 2nd period - Stopped by Jean-Daniel Dhaliwal with a rebound.
11:29 of 2nd period - Snap shot by Ola Karlsrud.
11:29 of 2nd period - Stopped by Olaf Patalong without a rebound.
11:30 of 2nd period - Ola Karlsrud wins face-off versus Harry Clerk in Red Tails zone.
11:31 of 2nd period - Snap shot by Woodrow Convrey.
11:31 of 2nd period - Stopped by Olaf Patalong with a rebound.
11:39 of 2nd period - Wrist shot by Jordan Murphy.
11:39 of 2nd period - Stopped by Jean-Daniel Dhaliwal without a rebound.
11:40 of 2nd period - Tom Folke wins face-off versus Quinton Parsons in Privateers zone.
11:55 of 2nd period - Slapshot by Oiva Lyttinen.
11:55 of 2nd period - Shot Blocked by Waldemar Janne.
12:15 of 2nd period - Slapshot by Coltyn Bergevin.
12:15 of 2nd period - Stopped by Jean-Daniel Dhaliwal without a rebound.
12:16 of 2nd period - Harry Clerk wins face-off versus Chris Neurauter in Privateers zone.
12:17 of 2nd period - Wrist shot by Bill Brelih.
12:17 of 2nd period - Shot Misses the Net.
12:19 of 2nd period - Snap shot by Bill Brelih.
12:19 of 2nd period - Shot Blocked by Rong Zilei.
12:43 of 2nd period - Ashton Thomson is hit by Quinton Parsons and loses puck.
14:00 of 2nd period - Snap shot by Odell Kell.
14:00 of 2nd period - Shot Misses the Net.
14:02 of 2nd period - Snap shot by Ed Zandbeek.
14:02 of 2nd period - Shot Misses the Net.
14:04 of 2nd period - Snap shot by Kaiden Sabey.
14:04 of 2nd period - Shot Misses the Net.
14:06 of 2nd period - Snap shot by Odell Kell.
14:06 of 2nd period - Deflect By Herb Edmond.
14:06 of 2nd period - Stopped by Olaf Patalong without a rebound.
14:07 of 2nd period - Chris Neurauter wins face-off versus Tom Folke in Red Tails zone.
14:41 of 2nd period - Wrist shot by Quinton Parsons.
14:41 of 2nd period - Stopped by Olaf Patalong without a rebound.
14:42 of 2nd period - Ola Karlsrud wins face-off versus Tom Folke in Red Tails zone.
15:55 of 2nd period - Icing by Herb Edmond.
15:56 of 2nd period - Clifford Nickles wins face-off versus Kaiden Sabey in Privateers zone.
16:03 of 2nd period - Wrist shot by Joel Mcgauley.
16:03 of 2nd period - Stopped by Jean-Daniel Dhaliwal without a rebound.
16:04 of 2nd period - Tom Folke wins face-off versus Ola Karlsrud in Privateers zone.
16:31 of 2nd period - Dolf Imseng is hit by Nathanael Miller and loses puck.
17:00 of 2nd period - Dolf Imseng is hit by Tomas Rydval.
17:15 of 2nd period - Slapshot by Coltyn Bergevin.
17:15 of 2nd period - Stopped by Jean-Daniel Dhaliwal without a rebound.
17:16 of 2nd period - Ola Karlsrud wins face-off versus Tom Folke in Privateers zone.
17:25 of 2nd period - Snap shot by Oiva Lyttinen.
17:25 of 2nd period - Stopped by Olaf Patalong without a rebound.
17:26 of 2nd period - Ola Karlsrud wins face-off versus Tom Folke in Red Tails zone.
17:43 of 2nd period - Slapshot by Ola Karlsrud.
17:43 of 2nd period - Deflect By Woodrow Convrey.
17:43 of 2nd period - Stopped by Olaf Patalong with a rebound.
18:07 of 2nd period - Ola Karlsrud is hit by Cole Mcure.
18:16 of 2nd period - Wrist shot by Tom Folke.
18:16 of 2nd period - Shot Misses the Net.
18:18 of 2nd period - Wrist shot by Cole Mcure.
18:18 of 2nd period - Shot Misses the Net.
18:20 of 2nd period - Wrist shot by Cole Mcure.
18:20 of 2nd period - Stopped by Jean-Daniel Dhaliwal with a rebound.
18:26 of 2nd period - Wrist shot by Tom Folke.
18:26 of 2nd period - Stopped by Jean-Daniel Dhaliwal without a rebound.
18:27 of 2nd period - Ashton Thomson wins face-off versus Quinton Parsons in Privateers zone.
18:42 of 2nd period - Wrist shot by Leimo Ali.
18:42 of 2nd period - Shot Misses the Net.
18:44 of 2nd period - Snap shot by Blaize Bremer.
18:44 of 2nd period - Stopped by Jean-Daniel Dhaliwal with a rebound.
19:03 of 2nd period - Slapshot by Ed Zandbeek.
19:03 of 2nd period - Shot Blocked by Kobe Babych.
19:05 of 2nd period - Snap shot by Ed Zandbeek.
19:05 of 2nd period - Shot Misses the Net.
19:07 of 2nd period - Snap shot by Chris Neurauter.
19:07 of 2nd period - Stopped by Olaf Patalong with a rebound.
19:17 of 2nd period - Bill Brelih is hit by Odell Kell and loses puck.
19:46 of 2nd period - Slapshot by Abram Nekhocheninov.
19:46 of 2nd period - Stopped by Olaf Patalong without a rebound.
19:47 of 2nd period - Quinton Parsons wins face-off versus Ashton Thomson in Red Tails zone.
19:48 of 2nd period - Wrist shot by Kerby Daviault.
19:48 of 2nd period - Stopped by Olaf Patalong with a rebound.
Goals for this period are 1 for Red Tails vs 0 for Privateers.
Shots for this period are 22 for Red Tails vs 15 for Privateers.
3rd Period

0:01 of 3rd period - Chris Neurauter wins face-off versus Ashton Thomson in neutral zone.
0:10 of 3rd period - Snap shot by Tomas Rydval.
0:10 of 3rd period - Shot Blocked by Leimo Ali.
0:36 of 3rd period - Off-side.
0:37 of 3rd period - Kerby Daviault wins face-off versus Tom Folke in neutral zone.
0:40 of 3rd period - Backhand shot by Ed Zandbeek.
0:40 of 3rd period - Shot Misses the Net.
1:04 of 3rd period - Leimo Ali is hit by Penna Ruhkala.
1:24 of 3rd period - Minor Penalty to Coltyn Bergevin for Cross-checking.
1:25 of 3rd period - Clifford Nickles wins face-off versus Chris Neurauter in Red Tails zone.
1:42 of 3rd period - Slapshot by Penna Ruhkala.
1:42 of 3rd period - Deflect By Svyatoslav Mylnikov.
1:42 of 3rd period - Stopped by Olaf Patalong with a rebound.
3:24 of 3rd period - Penalty to Coltyn Bergevin is over, Coltyn Bergevin is back on ice.
4:04 of 3rd period - Bill Brelih is hit by Kaiden Sabey.
4:08 of 3rd period - Odell Kell is hit by Harry Clerk and loses puck.
4:21 of 3rd period - Icing by Joel Mcgauley.
4:22 of 3rd period - Ola Karlsrud wins face-off versus Clifford Nickles in Red Tails zone.
4:23 of 3rd period - Slapshot by Gal Roblek.
4:23 of 3rd period - Stopped by Olaf Patalong without a rebound.
4:24 of 3rd period - Ola Karlsrud wins face-off versus Tom Folke in Red Tails zone.
4:33 of 3rd period - Snap shot by Tom Folke.
4:33 of 3rd period - Shot Misses the Net.
4:35 of 3rd period - Slapshot by Tom Folke.
4:35 of 3rd period - Shot Misses the Net.
4:40 of 3rd period - Wrist shot by Waldemar Janne.
4:40 of 3rd period - Stopped by Jean-Daniel Dhaliwal without a rebound.
4:41 of 3rd period - Ashton Thomson wins face-off versus Tomas Rydval in Privateers zone.
5:08 of 3rd period - Quinton Parsons is hit by Vyacheslav Oleshko and loses puck.
5:22 of 3rd period - Icing by Tom Folke.
5:23 of 3rd period - Tom Folke wins face-off versus Chris Neurauter in Red Tails zone.
5:23 of 3rd period - Tom Folke is hit by Spencer Lafortune.
6:08 of 3rd period - Quinton Parsons is hit by Svyatoslav Mylnikov and loses puck.
6:20 of 3rd period - Off-side.
6:21 of 3rd period - Ola Karlsrud wins face-off versus Ashton Thomson in neutral zone.
6:24 of 3rd period - Snap shot by Woodrow Convrey.
6:24 of 3rd period - Stopped by Olaf Patalong with a rebound.
6:26 of 3rd period - Snap shot by Woodrow Convrey.
6:26 of 3rd period - Shot Misses the Net.
6:28 of 3rd period - Slapshot by Ola Karlsrud.
6:28 of 3rd period - Shot Blocked by Lukas Weller.
6:46 of 3rd period - Snap shot by Gal Roblek.
6:46 of 3rd period - Shot Misses the Net.
6:52 of 3rd period - Slapshot by Woodrow Convrey.
6:52 of 3rd period - Stopped by Olaf Patalong without a rebound.
6:53 of 3rd period - Tom Folke wins face-off versus Chris Neurauter in Red Tails zone.
7:29 of 3rd period - Snap shot by Herb Edmond.
7:29 of 3rd period - Goal by Herb Edmond - Red Tails : 3 - Privateers : 3.
7:30 of 3rd period - Harry Clerk wins face-off versus Chris Neurauter in neutral zone.
7:39 of 3rd period - Wrist shot by Bill Brelih.
7:39 of 3rd period - Deflect By Jordan Murphy.
7:39 of 3rd period - Stopped by Jean-Daniel Dhaliwal with a rebound.
7:41 of 3rd period - Snap shot by Lukas Weller.
7:41 of 3rd period - Stopped by Jean-Daniel Dhaliwal without a rebound.
7:42 of 3rd period - Harry Clerk wins face-off versus Quinton Parsons in Privateers zone.
7:45 of 3rd period - Snap shot by Bill Brelih.
7:45 of 3rd period - Stopped by Jean-Daniel Dhaliwal without a rebound.
7:46 of 3rd period - Quinton Parsons wins face-off versus Harry Clerk in Privateers zone.
9:25 of 3rd period - Slapshot by Odell Kell.
9:25 of 3rd period - Shot Blocked by Coltyn Bergevin.
9:41 of 3rd period - Snap shot by Tom Folke.
9:41 of 3rd period - Shot Misses the Net.
9:43 of 3rd period - Snap shot by Cole Mcure.
9:43 of 3rd period - Goal by Cole Mcure - Red Tails : 4 - Privateers : 3.
9:44 of 3rd period - Ashton Thomson wins face-off versus Chris Neurauter in neutral zone.
10:15 of 3rd period - Wrist shot by Tom Folke.
10:15 of 3rd period - Stopped by Jean-Daniel Dhaliwal without a rebound.
10:16 of 3rd period - Tom Folke wins face-off versus Nathanael Miller in Privateers zone.
10:39 of 3rd period - Slapshot by Tom Folke.
10:39 of 3rd period - Stopped by Jean-Daniel Dhaliwal without a rebound.
10:40 of 3rd period - Ashton Thomson wins face-off versus Ola Karlsrud in Privateers zone.
10:53 of 3rd period - Wrist shot by Leimo Ali.
10:53 of 3rd period - Shot Misses the Net.
12:10 of 3rd period - Ashton Thomson is hit by Ola Karlsrud and loses puck.
12:41 of 3rd period - Snap shot by Chris Neurauter.
12:41 of 3rd period - Stopped by Olaf Patalong without a rebound.
12:42 of 3rd period - Harry Clerk wins face-off versus Chris Neurauter in Red Tails zone.
12:49 of 3rd period - Wrist shot by Tomas Rydval.
12:49 of 3rd period - Goal by Tomas Rydval - Red Tails : 4 - Privateers : 4.
12:50 of 3rd period - Woodrow Convrey wins face-off versus Bill Brelih in neutral zone.
12:59 of 3rd period - Wrist shot by Harry Clerk.
12:59 of 3rd period - Stopped by Jean-Daniel Dhaliwal with a rebound.
13:01 of 3rd period - Snap shot by Harry Clerk.
13:01 of 3rd period - Shot Misses the Net.
13:28 of 3rd period - Icing by Penna Ruhkala.
13:29 of 3rd period - Ashton Thomson wins face-off versus Chris Neurauter in Privateers zone.
13:36 of 3rd period - Wrist shot by Ashton Thomson.
13:36 of 3rd period - Stopped by Jean-Daniel Dhaliwal with a rebound.
14:06 of 3rd period - Waldemar Janne is hit by Rong Zilei and loses puck.
14:18 of 3rd period - Off-side.
14:19 of 3rd period - Quinton Parsons wins face-off versus Harry Clerk in neutral zone.
14:22 of 3rd period - Harry Clerk is hit by Spencer Lafortune.
15:50 of 3rd period - Rong Zilei is hit by Leimo Ali and loses puck.
16:05 of 3rd period - Wrist shot by Tomas Rydval.
16:05 of 3rd period - Deflect By Rong Zilei.
16:05 of 3rd period - Stopped by Olaf Patalong with a rebound.
16:07 of 3rd period - Slapshot by Penna Ruhkala.
16:07 of 3rd period - Shot Misses the Net.
16:09 of 3rd period - Slapshot by Chris Neurauter.
16:09 of 3rd period - Stopped by Olaf Patalong with a rebound.
16:21 of 3rd period - Wrist shot by Rong Zilei.
16:21 of 3rd period - Shot Blocked by Joel Mcgauley.
16:23 of 3rd period - Snap shot by Rong Zilei.
16:23 of 3rd period - Shot Misses the Net.
16:25 of 3rd period - Slapshot by Ed Zandbeek.
16:25 of 3rd period - Deflect By Tomas Rydval.
16:25 of 3rd period - Shot Misses the Net.
16:25 of 3rd period - Puck is out of play.
16:26 of 3rd period - Gal Roblek wins face-off versus Harry Clerk in Red Tails zone.
16:27 of 3rd period - Wrist shot by Woodrow Convrey.
16:27 of 3rd period - Stopped by Olaf Patalong with a rebound.
16:29 of 3rd period - Slapshot by Abram Nekhocheninov.
16:29 of 3rd period - Stopped by Olaf Patalong without a rebound.
16:30 of 3rd period - Ola Karlsrud wins face-off versus Harry Clerk in Red Tails zone.
16:33 of 3rd period - Wrist shot by Woodrow Convrey.
16:33 of 3rd period - Shot Misses the Net.
16:35 of 3rd period - Wrist shot by Ola Karlsrud.
16:35 of 3rd period - Shot Blocked by Svyatoslav Mylnikov.
16:37 of 3rd period - Snap shot by Abram Nekhocheninov.
16:37 of 3rd period - Stopped by Olaf Patalong with a rebound.
16:39 of 3rd period - Slapshot by Abram Nekhocheninov.
16:39 of 3rd period - Deflect By Woodrow Convrey.
16:39 of 3rd period - Stopped by Olaf Patalong without a rebound.
16:40 of 3rd period - Ola Karlsrud wins face-off versus Harry Clerk in Red Tails zone.
17:08 of 3rd period - Icing by Coltyn Bergevin.
17:09 of 3rd period - Clifford Nickles wins face-off versus Quinton Parsons in Red Tails zone.
17:52 of 3rd period - Wrist shot by Quinton Parsons.
17:52 of 3rd period - Shot Blocked by Dolf Imseng.
17:54 of 3rd period - Snap shot by Kerby Daviault.
17:54 of 3rd period - Shot Misses the Net.
17:56 of 3rd period - Snap shot by Nathanael Miller.
17:56 of 3rd period - Deflect By Kerby Daviault.
17:56 of 3rd period - Goal by Kerby Daviault - Red Tails : 4 - Privateers : 5.
17:57 of 3rd period - Ola Karlsrud wins face-off versus Harry Clerk in neutral zone.
18:41 of 3rd period - Chris Neurauter is hit by Waldemar Janne and loses puck.
18:56 of 3rd period - Snap shot by Kerby Daviault.
18:56 of 3rd period - Shot Blocked by Kobe Babych.
19:06 of 3rd period - Red Tails, Olaf Patalong is pulled from the net.
19:06 of 3rd period - Wrist shot by Tom Folke.
19:06 of 3rd period - Deflect By Spencer Lafortune.
19:06 of 3rd period - Stopped by Jean-Daniel Dhaliwal with a rebound.
19:18 of 3rd period - Snap shot by Leimo Ali.
19:18 of 3rd period - Stopped by Jean-Daniel Dhaliwal without a rebound.
19:19 of 3rd period - Ibrahim Fagerberg call a timeout for Red Tails.
19:19 of 3rd period - Quinton Parsons wins face-off versus Tom Folke in Privateers zone.
19:30 of 3rd period - Snap shot by Tom Folke.
19:30 of 3rd period - Shot Misses the Net.
19:58 of 3rd period - Slapshot by Tom Folke.
19:58 of 3rd period - Stopped by Jean-Daniel Dhaliwal without a rebound.
19:59 of 3rd period - Tom Folke wins face-off versus Quinton Parsons in Privateers zone.
Goals for this period are 1 for Red Tails vs 3 for Privateers.
Shots for this period are 12 for Red Tails vs 14 for Privateers.

3 STARS

1st Star
LW
26
G 2
A 0
+/- 2
TOI 16:47
2nd Star
C
77
G 1
A 1
+/- 2
TOI 15:01
3rd Star
LW
91
G 1
A 0
+/- 2
TOI 16:56

Game Stats

TRT
VS
PRI
4 Goals 5
45 Shots 35
14 Blocked Shots 6
19 Missed Shots 26
51.5 Faceoff % 48.5
0 Power Plays 2
0 Power Play Goals 0
0 Power Play % 0

GAME DETAILS

VENUE
Unknown
CITY
Unknown
REFEREES
Andrew Bruggeman, Mark Pare
LINESMEN
Kendall Hanlet, Nick Seppla
ATTENDANCE
17,329